 Dungeon Crawl Stone Soup version 0.23.2-40-g277498a001 (webtiles) character file.

Game seed: 6437470668085563681

361 Emblim88 the Covered (level 6, -1/52 HPs)
             Began as a Demigod Fighter on Sept 18, 2019.
             Slain by a centaur
             ... wielding a +0 spear
              (8 damage)
             ... on level 4 of the Dungeon.
             The game lasted 00:07:24 (4360 turns).

Emblim88 the Covered (Demigod Fighter)              Turns: 4360, Time: 00:07:25

Health: -1/52      AC:  8    Str: 23    XL:     6   Next: 15%
Magic:  20/20      EV:  7    Int: 12    God:
Gold:   184        SH: 10    Dex: 15    Spells: 9/9 levels left

rFire    + . .     SeeInvis .   y - +1 spear (pain)
rCold    + . .     Gourm    .   c - +0 shield
rNeg     . . .     Faith    .   b - +0 scale mail
rPois    +         Spirit   .   u - +0 helmet
rElec    +         Reflect  .   (no cloak)
rCorr    +         Harm     .   (no gloves)
MR       .....                  (no boots)
Stlth    ..........             (no amulet)
HPRegen  0.17/turn              e - ring of wizardry
MPRegen  0.17/turn              s - ring of magical power

@: resistant, flying
A: high mp 1
a: no special abilities


You were on level 4 of the Dungeon.
You were very hungry.

You visited 1 branch of the dungeon, and saw 4 of its levels.

You collected 184 gold pieces.

Inventory:

Hand Weapons
 a - a +0 long sword
 t - a +0 war axe
 y - a +1 spear of pain (weapon)
Missiles
 w - 18 stones (quivered)
Armour
 b - a +0 scale mail (worn)
 c - a +0 shield (worn)
 u - a +0 helmet (worn)
Jewellery
 e - a ring of wizardry (left hand)
 q - an uncursed ring of protection from cold
 s - a ring of magical power (right hand)
 x - an uncursed ring of positive energy
Scrolls
 h - 2 scrolls of random uselessness {unknown}
 j - 3 scrolls of identify {unknown}
 k - 3 scrolls of remove curse {unknown}
 m - a scroll of enchant weapon {unknown}
 n - a scroll of immolation {unknown}
 r - a scroll of fear {unknown}
 v - a scroll of magic mapping {unknown}
Potions
 d - 2 potions of might
 l - a potion of haste
 o - a potion of magic {unknown}
 p - a potion of flight
Comestibles
 f - 5 rations


   Skills:
 + Level 3.6 Fighting
 - Level 2.4 Long Blades
 * Level 2.4 Axes
 + Level 3.7 Armour
 + Level 3.6 Shields
 + Level 2.0 Spellcasting


You had 9 spell levels left.
You didn't know any spells.
Your spell library was empty.

Dungeon Overview and Level Annotations

Branches:
Dungeon (4/15)
 Temple: D:4-7


Innate Abilities, Weirdness & Mutations

You have an increased reservoir of magic. (+10% MP)


Message History

The centaur barely misses you. You block the adder skeleton's attack.
The centaur barely misses you.
You closely miss the centaur.
The centaur is lightly wounded.
You block the centaur's attack. The centaur hits you with a +0 spear.
* * * LOW HITPOINT WARNING * * *
The adder skeleton bites you but does no damage.
The centaur hits you with a +0 spear.
* * * LOW HITPOINT WARNING * * *
You block the adder skeleton's attack.
Your shield prevents you from hitting the centaur.
The centaur is lightly wounded.
You block the centaur's attack.
The centaur hits you but does no damage.
You block the adder skeleton's attack.
You hit the centaur but do no damage.
The centaur is lightly wounded.
You block the centaur's attack. The centaur closely misses you.
The adder skeleton barely misses you. The centaur hits you with a +0 spear!
You die...

#..####÷.###.#
#......†..#...
#.........#....#..
#.........+....#..
#.........#....#..
#.........#....+.. #
#.###)###.##.# #..
.##..##.###..##.##.###..
......Z@.>.........#....
.......c...........'....
.##....###...##....##...
#.... ######....##...
...... .......##...
.....?. .............
....... ..............
.###..# .######..##...
########


You could see a centaur and an adder skeleton.

Vanquished Creatures
  An ogre (D:4)
  A hound (D:3)
  A worker ant (D:4)
  An orc wizard (D:4)
  4 gnolls
  6 adders
  5 worms
  2 leopard geckos (D:2)
  4 orcs
  5 giant cockroaches
  6 goblins
  8 hobgoblins
  10 jackals
  7 kobolds
  2 quokkas (D:2)
  2 ball pythons (D:2)
  13 bats
  5 frilled lizards
  8 rats
91 creatures vanquished.

Notes
Turn   | Place    | Note
-------+----------+-------------------------------------------
     0 | D:1      | Emblim88 the Demigod Fighter began the quest for the Orb.
     0 | D:1      | Reached XP level 1. HP: 18/18 MP: 3/3
    50 | D:1      | Found a shattered altar of Ashenzari.
   265 | D:1      | Reached XP level 2. HP: 25/25 MP: 4/4
   949 | D:2      | Reached XP level 3. HP: 30/31 MP: 6/6
  1008 | D:2      | Reached skill level 1 in Spellcasting
  2269 | D:2      | Reached XP level 4. HP: 36/38 MP: 8/8
  3089 | D:3      | Reached skill level 1 in Axes
  3183 | D:3      | Reached XP level 5. HP: 40/45 MP: 9/9
  3955 | D:4      | Noticed an ogre
  3964 | D:4      | HP: 1/45 [ogre/+0 giant club (14)]
  3968 | D:4      | Killed an ogre
  4142 | D:4      | Reached XP level 6. HP: 25/51 MP: 11/11
  4360 | D:4      | Slain by a centaur

Skill      XL: |  1  2  3  4  5  6 |
---------------+-------------------+-----
Long Blades    | 2 |  2.4
Fighting       | 3 |  3.6
Armour         | 3 |  3.7
Shields        | 3 |  3.6
Spellcasting   | 1 2 |  2.0
Axes           | 1 2 |  2.4

Action                   |  1- 3 |  4- 6 || total
-------------------------+-------+-------++-------
Melee: Long sword        |   157 |       ||   157
       War axe           |       |    82 ||    82
       Spear             |       |    70 ||    70
  Use: Potion            |       |     3 ||     3
  Eat: Chunk             |     1 |     6 ||     7
       Ration            |     1 |       ||     1
Armor: Scale mail        |    71 |    90 ||   161
Dodge: Dodged            |    50 |    63 ||   113
Block: Shield            |   101 |   111 ||   212
       Rpst.: Long sword |    13 |       ||    13
